 Dungeon Sprint DCSS version 0.18-a0-1805-g8ab820f (webtiles) character file.

9 Kidiri the Sneak (level 2, -1/14 HPs)
             Began as a Spriggan Enchanter on Apr 25, 2016.
             Slain by a neqoxec (7 damage)
             ... in the Dungeon (Sprint II: "The Violet Keep of Menkaure").
             The game lasted 00:00:42 (175 turns).

Kidiri the Sneak (Spriggan Enchanter)                Turns: 175, Time: 00:00:43

Health: -1/14      AC:  3    Str:  4      XL:     2   Next: 6%
Magic:  2/7        EV: 18    Int: 14 (16) God:
Gold:   243        SH:  0    Dex: 14      Spells: 2 memorised, 4 levels left

rFire  . . .     SeeInvis +     a - +1 dagger
rCold  . . .     Gourm    .     b - +1 robe
rNeg   . . .     Faith    .     (shield restricted)
rPois  .         Spirit   .     (helmet restricted)
rElec  .         Dismiss  .     (no cloak)
rCorr  .         Reflect  .     (gloves unavailable)
SustAt .         Harm     .     (boots unavailable)
MR     .....     NoTele   +     (no amulet)
Stlth  +++.......               (no ring)
                                (no ring)

@: very quick, not resistant to hostile enchantments, fairly stealthy
A: unfitting armour, see invisible, clumsy 1, herbivore 3, speed 3, slow
metabolism 2
a: no special abilities


You were in the Dungeon.
You were not hungry.

You visited 1 branch You collected 243 gold pieces.

Inventory:

Hand Weapons
 a - a +1 dagger (weapon)
Armour
 b - a +1 robe (worn)
Scrolls
 j - a scroll of blinking
Potions
 g - a potion of haste
 h - 2 potions of magic
Books
 c - a book of Maledictions

   Spells                             Type                      Level
   a - Corona                         Hexes                        1
   b - Ensorcelled Hibernation        Hexes/Ice                    2
   c - Confuse                        Hexes                        3
   d - Tukima's Dance                 Hexes                        3
   e - Dazzling Spray                 Conjuration/Hexes            3
Comestibles
 d - a bread ration


   Skills:
 + Level 0.8 Fighting
 * Level 2.2 Short Blades
 + Level 0.3 Armour
 * Level 3.8 Dodging
 * Level 5.2 Stealth
 * Level 3.4 Spellcasting
 + Level 3.9 Hexes
 + Level 0.0 Ice Magic


You had 4 spell levels left.
You knew the following spells:

 Your Spells              Type           Power        Failure   Level  Hunger
a - Corona                Hex            ##.....      4%          1    #......
b - Ensorcelled Hibernat  Hex/Ice        #.....       17%         2    ##.....


Dungeon Overview and Level Annotations

Branches:
Dungeon (1/1)

Altars:


Innate Abilities, Weirdness & Mutations

You are tiny and cannot use many weapons and most armour.
You have supernaturally acute eyesight.
You are a herbivore.
You cover ground extremely quickly.
You need consume almost no food.
You are clumsy. (Dex -2)


Message History

Something tries to feed on your intellect!
The neqoxec closely misses you.
Casting: Ensorcelled Hibernation
Confirm with . or Enter, or press ? or * to list all spells.
Aiming: Ensorcelled Hibernation
Press: ? - help, Shift-Dir - straight line, f/p - crimson imp
Aim: a crimson imp (summoned, chance to defeat MR: 23%)
The neqoxec is unaffected.
The neqoxec gestures at you.
Something tries to feed on your intellect!
The white imp barely misses you.
The neqoxec hits you but does no damage.
The white imp misses you.
Unknown command.
You hit the neqoxec but do no damage.
The neqoxec is moderately wounded.
The white imp barely misses you. The white imp completely misses you.
The neqoxec hits you!
Ouch! That really hurt!
You die...

##+#
##..###
#..##.#
#
##.#%##
#5 ##+##
#53##5##
#33@5.+
#3##.##
#5 #+# #


You could see 4 neqoxecs, an iron imp, a crimson imp, 2 white imps and a shadow
imp.

Vanquished Creatures
  3 worms (D)
3 creatures vanquished.

Vanquished Creatures (others)
  Menkaure (D)
  A crocodile (D)
2 creatures vanquished.

Grand Total: 5 creatures vanquished

Notes
Turn   | Place    | Note
--------------------------------------------------------------
     0 | D        | Kidiri the Spriggan Enchanter began the quest for the Orb.
     0 | D        | Reached XP level 1. HP: 9/9 MP: 5/5
    15 | D        | Reached skill level 5 in Stealth
    18 | D        | Reached XP level 2. HP: 12/14 MP: 5/7
    22 | D        | Killed a crocodile
    31 | D        | Learned a level 2 spell: Ensorcelled Hibernation
   116 | D        | Killed Menkaure
   161 | D        | Noticed a neqoxec
   161 | D        | Noticed a neqoxec
   161 | D        | Noticed a neqoxec
   161 | D        | Noticed a neqoxec
   162 | D        | Noticed a crimson imp
   168 | D        | Gained mutation: You are clumsy. (Dex -2) [a neqoxec]
   175 | D        | Slain by a neqoxec

Vault maps used:
D:        the_violet_keep_of_menkaure

Skill      XL: |  1 |
---------------+----+-----
Spellcasting   | 3 |  3.4
Short Blades   | 2 |  2.2
Stealth        | 5 |  5.2
Fighting       | |  0.8
Armour         | |  0.3
Dodging        | |  3.8
Hexes          | |  3.9

Action                   || total
-------------------------++-------
Melee: Dagger            ||    16
 Cast: Corona            ||     1
       Ensorcelled Hiber ||     3
  Use: Potion            ||     3
Armor: Robe              ||     3
Dodge: Dodged            ||    21
